 Dungeon Crawl Stone Soup version 0.30-a0-772-g5528072125 (webtiles) character file.

Game seed: 9484952428860732663

32 tio the Grave Robber (level 3, 0/24 HPs)
             Began as a Human Necromancer on Feb 12, 2023.
             Was an Initiate of Gozag.
             Slain by a hobgoblin (2 damage)
             ... on level 2 of the Dungeon.
             The game lasted 00:04:51 (1113 turns).

tio the Grave Robber (Human Necromancer)            Turns: 1113, Time: 00:04:52

Health: 0/24       AC:  2    Str: 10    XL:     3   Next: 45%
Magic:  1/6        EV: 12    Int: 15    God:    Gozag
Gold:   70         SH:  0    Dex: 13    Spells: 5/6 levels left

rFire   . . .      SeeInvis .    g - +0 spear
rCold   . . .      Faith    .    (no shield)
rNeg    . . .      Spirit   .    a - +0 robe
rPois   .          Reflect  .    (no helmet)
rElec   .          Harm     .    (no cloak)
rCorr   .          Rampage  .    (no gloves)
Will    .....                    (no boots)
Stlth   ++                       (no amulet)
HPRegen 0.24/turn                (no ring)
MPRegen 0.10/turn                (no ring)

@: no status effects
A: no striking features
a: Renounce Religion, Potion Petition, Call Merchant, Bribe Branch


You were on level 2 of the Dungeon.
You worshipped Gozag.
Gozag was noncommittal.
You visited 1 branch of the dungeon, and saw 2 of its levels.

You collected 70 gold pieces.

Inventory:

Hand Weapons
 f - a +0 short sword
 g - a +0 spear (weapon)
Armour
 a - a +0 robe (worn)
Jewellery
 h - a +6 ring of dexterity
 i - an amulet of regeneration
 k - a ring of fire
Scrolls
 e - a scroll of identify {unknown}
 j - a scroll of poison {unknown}
 l - a scroll of noise {unknown}
Potions
 c - 2 potions of curing {unknown}
 d - a potion of heal wounds {unknown}


   Skills:
 + Level 2.2 Dodging
 + Level 2.2 Stealth
 + Level 2.3 Spellcasting
 + Level 4.6 Necromancy


You had 5 spell levels left.
You knew the following spells:

 Your Spells              Type           Power      Damage    Failure   Level
a - Necrotise             Necr           60%        1d7       3%          1

Your spell library contained the following spells:

 Spells                   Type           Power      Damage    Failure   Level
 Vampiric Draining        Necr           15%        2d7       10%         3
 Agony                    Necr           15%        N/A       65%         5
 Animate Dead             Necr           Unusable   N/A       N/A         4

Dungeon Overview and Level Annotations

Branches:
Dungeon (2/15)

Altars:
Gozag


Message History

The dart slug barely misses you. The goblin misses you.
The hobgoblin misses you.
You hit the dart slug.
The dart slug is almost dead.
The bat hits you but does no damage. The hobgoblin hits you.
The goblin hits you but does no damage.
You hit the dart slug.
You kill the dart slug!
The bat hits you but does no damage. The hobgoblin hits you.
The goblin closely misses you.
You hit the goblin.
You kill the goblin!
The bat closely misses you. The hobgoblin hits you.
* * * LOW HITPOINT WARNING * * *
You hit the hobgoblin but do no damage. The bat closely misses you.
The hobgoblin hits you.
* * * LOW HITPOINT WARNING * * *
The bat is distracted by your dazzling golden aura.
You barely miss the hobgoblin. The hobgoblin hits you.
* * * LOW HITPOINT WARNING * * *
You barely miss the hobgoblin. The hobgoblin barely misses you.
You barely miss the hobgoblin.
The bat is no longer distracted by gold.
The bat hits you but does no damage. The hobgoblin misses you.
You hit the bat but do no damage. The bat barely misses you.
The bat misses you. The hobgoblin barely misses you.
You hit the hobgoblin.
The hobgoblin is heavily wounded.
The bat misses you. The hobgoblin hits you.
* * * LOW HITPOINT WARNING * * *
You barely miss the hobgoblin.
The hobgoblin is heavily wounded.
The hobgoblin closely misses you. The bat hits you.
* * * LOW HITPOINT WARNING * * *
The hobgoblin barely misses you.
You closely miss the hobgoblin.
The hobgoblin is heavily wounded.
The bat closely misses you. The hobgoblin hits you.
You die...
Your body crumbles into a pile of gold.

#. .. $ ###.#
##### ##..>$###
#.....#........
......b@$$..$#
.......$g......
...............
..........$....
......$......).
...............
..............$
...............


You could see a hobgoblin and a bat.

Vanquished Creatures
  3 dart slugs (D:2)
  2 ball pythons
  2 bats (D:1)
  2 endoplasms (D:1)
  A hobgoblin (D:1)
  2 quokkas (D:1)
  6 goblins
  2 kobolds
  4 rats
24 creatures vanquished.

Vanquished Creatures (collateral kills)
  A frilled lizard (D:1)
1 creature vanquished.

Grand Total: 25 creatures vanquished

Notes
Turn   | Place    | Note
-------+----------+-------------------------------------------
     0 | D:1      | tio the Human Necromancer began the quest for the Orb.
     0 | D:1      | Reached XP level 1. HP: 13/13 MP: 3/3
   332 | D:1      | Reached XP level 2. HP: 19/19 MP: 1/5
   510 | D:1      | Found a faded altar of an unknown god.
   567 | D:1      | Prayed at the altar of an unknown god.
   567 | D:1      | Became a worshipper of Gozag Ym Sagoz the Greedy
  1091 | D:2      | Reached XP level 3. HP: 24/24 MP: 4/6
  1113 | D:2      | Slain by a hobgoblin

Illustrated notes

Levels and vault maps discovered:
D:1:      saegor_arrival_under_anarchy, layout_loops_ring,
          ebering_ecumenical_altar_mist, minmay_crystal_room, minmay_unequal
D:2:      layout_rooms, minmay_quadrilaterals

Action                     || total
---------------------------++-------
  Melee: Spear             ||    23
   Cast: Necrotise         ||    45
    Use: Potion            ||     1
 Armour: Robe              ||     5
  Dodge: Dodged            ||    41

Table legend: (Time is in decaauts)
 A = Elapsed time spent in this place.
 B = Non-inter-level travel time spent in this place.
 C = Inter-level travel time spent in this place.
 D = Time resting spent in this place.
 E = Time spent auto-exploring this place.
 F = Levels seen in this place.
 G = Mean time per level.
                   A        B        C        D        E       F      G
               +--------+--------+--------+--------+--------+-----+--------+
         Total |   1116 |   1050 |     66 |      0 |    919 |   2 |  558.0 |
       Dungeon |   1116 |   1050 |     66 |      0 |    919 |   2 |  558.0 |
               +--------+--------+--------+--------+--------+-----+--------+

Top non-repeatable levels by time:
     D:1: 1091 daAuts
     D:2: 24 daAuts
